 Dungeon Crawl Stone Soup version 0.30-a0-137-gd8773701ce (webtiles) character file.

Game seed: 11633425978012449222

3 Average the Poker (level 1, 10/16 HPs)
             Began as a Demonspawn Gladiator on Sept 22, 2022.
             Quit the game on level 1 of the Dungeon on Nov 8, 2023.
             The game lasted 00:04:09 (136 turns).

Average the Poker (Demonspawn Gladiator)             Turns: 136, Time: 00:04:09

Health: 10/16      AC:  4    Str: 14    XL:     1   Next: 41%
Magic:  1/1        EV: 12    Int:  9    God:
Gold:   22         SH:  0    Dex: 14    Spells: 0/0 levels left

rFire   . . .      SeeInvis .    a - +0 trident
rCold   . . .      Faith    .    (no shield)
rNeg    . . .      Spirit   .    b - +0 leather armour
rPois   .          Reflect  .    c - +0 helmet
rElec   .          Harm     .    (no cloak)
rCorr   .          Rampage  .    (no gloves)
Will    .....                    (no boots)
Stlth   +.........               (no amulet)
HPRegen 0.05/turn                (no ring)
MPRegen 0.07/turn                (no ring)

@: no status effects
A: no striking features
a: no special abilities


You were on level 1 of the Dungeon.
You visited 1 branch of the dungeon, and saw 1 of its levels.

You collected 22 gold pieces.

Inventory:

Hand Weapons
 a - a +0 trident (weapon)
 f - a +0 club
Missiles
 d - 2 throwing nets (quivered)
 e - a javelin
Armour
 b - a +0 leather armour (worn)
 c - a +0 helmet (worn)


   Skills:
 + Level 2.0 Fighting
 + Level 2.8 Polearms
 + Level 1.8 Throwing
 + Level 2.7 Dodging


You couldn't memorise any spells.
You didn't know any spells.
Your spell library was empty.

Dungeon Overview and Level Annotations

Branches:
Dungeon (1/15)

Altars:


Message History

Play time: 00:03:13 (132 turns).
Zot will find you in 5866 turns if you stay in this branch and explore no new floors.
You aren't wearing any rings or amulets.
Okay, then.
You don't know any spells.
You open the door.
You aren't carrying any pieces of jewellery.
Annotate which branch? (. - D:1, ? - help, ! - show branch list)
Okay, then.
Char dumped successfully.
You have 22 gold pieces.
Clearing travel trail.
Clearing monster memory.
Clearing monster memory.
Clearing monster memory.
Unknown command.
Unknown command.
Unknown command.
Unknown command.
You close the door.
Clearing monster memory.
Unknown command.
Unknown command.
Unknown command.
Unknown command.
Unknown command.
There's nothing to close nearby.
Unknown command.
Unknown command.
There's nothing to close nearby.
You aren't carrying any potions.
Save game and exit? [Y]es or [N]o only, please.
Save game and exit?
Welcome back, Average the Demonspawn Gladiator.
Press ? for a list of commands and other information.
Unknown command.
Are you sure you want to abandon this character and quit the game? (Confirm with "yes".)
Okay, then.
Are you sure you want to abandon this character and quit the game? (Confirm with "yes".)

#..................# *,,,,,
#.#.#####..#######.#####***,**
#.#.#...#..#...#........,,,,,,
#...#...#..#...#.##..###***,**
##.###.<.'..+...#.#**,...,,,,,,
#....#...#..#...#.# *,,,.****,,
#..#.#...####...#.# *,**,,,,,,,
#..#.#+#######+##†#**,**,***,,,
#..#....##..##@...#*,,,*,* *,,,
#..#..............#,,,,*,***,,,
#..#....##..##(...#,,,,*,,,,,,,
#..#.##+#########......+,,,,,,,
#..#.#,,,****,,,###....#,*,**,,
#..#.#,,,*,,*,,,* *....#,*,****
*,,#.#,,,*,,+,>,* *,...#,*,*
*,,#.*,,,*,,*,,,* *>...#,*,****
*,,,,*,,,*,,*,,,* *,,..#,*,,,,,


There were no monsters in sight!

Vanquished Creatures
  A goblin (D:1)
  A hobgoblin (D:1)
  A ball python (D:1)
3 creatures vanquished.

Notes
Turn   | Place    | Note
-------+----------+-------------------------------------------
     0 | D:1      | Average the Demonspawn Gladiator began the quest for the
                  | Orb.
     0 | D:1      | Reached XP level 1. HP: 16/16 MP: 1/1
   136 | D:1      | Quit the game

Illustrated notes

Levels and vault maps discovered:
D:1:      dpeg_arrival_houses_and_road, layout_basic,
          ebering_ecumenical_altar_box, hangedman_decor_growths

Action                   || total
-------------------------++-------
Melee: Trident           ||    14
Throw: Throwing net      ||     1
  Use: Scroll            ||     1
Armor: Leather armour    ||     2
Dodge: Dodged            ||     9

Table legend: (Time is in decaauts)
 A = Elapsed time spent in this place.
 B = Non-inter-level travel time spent in this place.
 C = Inter-level travel time spent in this place.
 D = Time resting spent in this place.
 E = Time spent auto-exploring this place.
 F = Levels seen in this place.
 G = Mean time per level.
                   A        B        C        D        E       F      G
               +--------+--------+--------+--------+--------+-----+--------+
         Total |    138 |    113 |     25 |      0 |     17 |   1 |  138.0 |
       Dungeon |    138 |    113 |     25 |      0 |     17 |   1 |  138.0 |
               +--------+--------+--------+--------+--------+-----+--------+

Top non-repeatable levels by time:
     D:1: 138 daAuts
